 Dungeon Crawl Stone Soup version 0.13-a0-1660-ga2b9f94 (webtiles) character file.

2937 kuzmorgo the Chopper (level 9, -5/71 (75) HPs)
             Began as a Minotaur Berserker on June 18, 2013.
             Was a High Priest of Trog.
             Slain by an orc warrior
             ... wielding a +0,+1 orcish glaive
              (24 damage)
             ... on Level 7 of the Dungeon.
             The game lasted 00:36:43 (6995 turns).

kuzmorgo the Chopper (Minotaur Berserker)           Turns: 6995, Time: 00:36:43

HP  -5/71 (75)   AC 13     Str 25      XL: 9   Next: 28%
MP   2/2         EV 11     Int  4      God: Trog [*****.]
Gold 429         SH  0     Dex 14      Spells:  0 memorised,  8 levels left

Res.Fire  : + . .   See Invis. : .   p - +4,+1 dwarf hand axe
Res.Cold  : . . .   Warding    : .   m - +3 scale mail {rF+}
Life Prot.: . . .   Conserve   : .   (no shield)
Res.Poison: .       Res.Corr.  : .   (helmet restricted)
Res.Elec. : .       Clarity    : .   u - +0 cloak
Sust.Abil.: + .     Spirit.Shd : .   (no gloves)
Res.Mut.  : .       Stasis     : .   k - +0 pair of boots
Res.Rott. : .       Flight     : .   (no amulet)
Saprovore : . . .                    q - +4 ring of dexterity
                                     C - ring of sustain abilities

@: exhausted, slowed, very slow, slightly resistant to hostile enchantments,
extremely unstealthy
A: retaliatory headbutt, horns 2, deterioration 1, -10% mp, petrification
resistance, Str +1, Dex -1
a: Burn Spellbooks, Berserk, Trog's Hand, Brothers in Arms, Renounce Religion


You were on level 7 of the Dungeon.
You worshipped Trog.
Trog was exalted by your worship.
You were not hungry.

You visited 1 branch of the dungeon, and saw 7 of its levels.

You collected 409 gold pieces.

Inventory:

Hand weapons
 a - a +0,+0 mace
 e - a +4,+1 trident of dragon slaying
 p - a +4,+1 dwarven hand axe (weapon)
 x - a +2,+1 anti-magic hand axe (quivered)
 E - a +1,+2 sling of frost
Armour
 b - a +0 animal skin
 k - a +0 pair of boots (worn)
 l - a +0 plate armour
 m - a +3 scale mail of fire resistance (worn)
 u - a +0 cloak (worn)
Magical devices
 c - a wand of frost (3)
Comestibles
 j - a pear
 o - 2 apples
Scrolls
 g - 5 scrolls of remove curse
 h - a scroll of teleportation
 t - 2 scrolls of magic mapping
 w - 2 scrolls of recharging {unknown}
 y - a scroll of enchant weapon II {unknown}
 D - a scroll of fear {unknown}
Jewellery
 q - a +4 ring of dexterity (right hand)
 s - an uncursed ring of invisibility
 C - a ring of sustain abilities (left hand)
Potions
 d - a potion of heal wounds
 f - 4 potions of agility
 i - a potion of speed
 n - a potion of restore abilities
 r - a potion of brilliance
 v - a potion of curing
 z - a potion of might {unknown}
 A - 2 potions of resistance
 B - a potion of magic {unknown}


   Skills:
 + Level 6.6 Fighting
   Level 0.0 Short Blades
   Level 0.0 Long Blades
 + Level 7.5 Axes
 + Level 5.1 Maces & Flails
 + Level 0.0 Polearms
   Level 0.0 Staves
 + Level 0.0 Slings
   Level 0.0 Bows
   Level 0.0 Crossbows
 + Level 0.0 Throwing
 + Level 7.2 Armour
 + Level 7.5 Dodging
 + Level 1.0 Stealth
   Level 0.0 Stabbing
   Level 0.0 Shields
 + Level 1.7 Traps
 + Level 0.0 Unarmed Combat
 + Level 0.0 Spellcasting
   Level 0.0 Conjurations
   Level 0.0 Hexes
   Level 0.0 Charms
   Level 0.0 Summonings
   Level 0.0 Necromancy
   Level 0.0 Translocations
   Level 0.0 Transmutations
   Level 0.0 Fire Magic
   Level 0.0 Ice Magic
   Level 0.0 Air Magic
   Level 0.0 Earth Magic
   Level 0.0 Poison Magic
   Level 0.0 Invocations
 + Level 0.0 Evocations


You had 8 spell levels left.
You didn't know any spells.

Dungeon Overview and Level Annotations

Branches:
Dungeon (7/27)             Temple (0/1) D:5
    Orc: D:6-11

Altars:
Ashenzari
Kikubaaqudgha
Sif Muna
Trog
Zin

Shops:
D:5: +


Innate Abilities, Weirdness & Mutations

You reflexively headbutt those who attack you in melee.
You have a pair of horns on your head.
Your body is slowly deteriorating.
Your magical capacity is low (-10% MP).
Your muscles are strong, but stiff (Str +1, Dex -1).
You are immune to petrification.


Message History

You closely miss the orc warrior.
The orc warrior is heavily wounded.
The orc warrior hits you with an orcish glaive!
You hit the orc warrior. You headbutt the orc warrior.
The orc warrior is heavily wounded.
The orc warrior completely misses you. You furiously retaliate!
You headbutt the orc warrior, but do no damage.
Unknown command.
You closely miss the orc warrior.
The orc warrior is heavily wounded.
The orc warrior closely misses you. You furiously retaliate!
You headbutt the orc warrior. You closely miss the orc warrior.
You headbutt the orc warrior.
The orc warrior is severely wounded.
The orc warrior hits you with an orcish glaive!
* * * LOW HITPOINT WARNING * * *
You hit the orc warrior. You headbutt the orc warrior.
The orc warrior is almost dead.
The orc warrior hits you with an orcish glaive!
You die...

...####
#..........##........
...#
#.#.###.#####.##.#.##
####
#..##.......##.#... #
##.##.########.####
#.##.##.# #.# #
#.......# ..# #
####.#### ### # #.# #
#@# #..))o..#
#.......# #..#.#..#
#..#.#..# #(......#
#. ... .# #. ... .#
#..


You could see an orc warrior.

Vanquished Creatures
  A wyvern (D:4)
  A hungry ghost (D:7)
  A necrophage (D:7)
  An orc warrior (D:7)
  2 sky beasts
  2 ogres
  3 centaurs
  A giant frog (D:7)
  A gnoll sergeant (D:5)
  2 eyes of draining (D:6)
  12 killer bees (D:7)
  An ogre skeleton (D:5)
  A crimson imp (D:5)
  A gnoll shaman (D:6)
  A hound skeleton (D:5)
  A hound (D:6)
  4 orc priests
  2 scorpions
  4 orc wizards (D:7)
  5 worker ants
  Terence (D:2)
  13 gnolls
  7 adders
  An inept item mimic (D:2)
  A scorpion zombie (D:6)
  2 worms (D:6)
  A bat zombie (D:6)
  2 giant geckos
  27 orcs
  7 bats
  5 giant cockroaches
  9 goblins
  11 hobgoblins
  6 jackals
  10 kobolds
  3 quokkas
  6 giant newts
  12 rats
  A rat skeleton (D:4)
  A plant (D:5)
173 creatures vanquished.

Notes
Turn   | Place    | Note
--------------------------------------------------------------
     0 | D:1      | kuzmorgo, the Minotaur Berserker, began the quest for the Orb.
     0 | D:1      | Reached XP level 1. HP: 19/19 MP: 0/0
   407 | D:1      | Reached XP level 2. HP: 26/26 MP: 0/0
   687 | D:2      | Noticed Terence
   700 | D:2      | Killed Terence
   700 | D:2      | Reached skill level 4 in Fighting
   811 | D:2      | Reached XP level 3. HP: 29/33 MP: 1/1
   820 | D:2      | Acquired Trog's second power
   918 | D:2      | Found a deep blue altar of Sif Muna.
  1372 | D:3      | Reached XP level 4. HP: 40/40 MP: 1/1
  1520 | D:3      | Reached skill level 5 in Fighting
  1707 | D:3      | Reached skill level 1 in Axes
  1707 | D:3      | Reached XP level 5. HP: 45/47 MP: 1/1
  2160 | D:4      | Noticed an ogre
  2169 | D:4      | Killed an ogre
  2169 | D:4      | Reached skill level 5 in Maces & Flails
  2328 | D:4      | Reached XP level 6. HP: 50/55 MP: 2/2
  2452 | D:4      | Noticed a wyvern
  2460 | D:4      | Killed a wyvern
  2460 | D:4      | Reached skill level 1 in Traps
  2798 | D:4      | Gained mutation: Your body is slowly deteriorating. [potion of mutation]
  2798 | D:4      | Gained mutation: Your magical capacity is low (-10% MP). [potion of mutation]
  2798 | D:4      | Gained mutation: Your muscles are strong, but stiff (Str +1, Dex -1). [potion of mutation]
  3271 | D:5      | Entered Level 5 of the Dungeon
  3278 | D:5      | Reached XP level 7. HP: 53/61 MP: 1/1
  3303 | D:5      | Reached skill level 5 in Axes
  3618 | D:5      | Reached skill level 5 in Armour
  3618 | D:5      | Reached skill level 5 in Dodging
  3756 | D:5      | Gained mutation: You are immune to petrification. [potion of beneficial mutation]
  3872 | D:5      | Acquired Trog's third power
  3889 | D:5      | Found Ogackaf's Book Boutique.
  4428 | D:5      | Found a staircase to the Ecumenical Temple.
  4757 | D:6      | Reached XP level 8. HP: 68/68 MP: 1/1
  4791 | D:6      | Reached skill level 6 in Fighting
  4880 | D:6      | Found an ancient bone altar of Kikubaaqudgha.
  5065 | D:6      | Found a bloodstained altar of Trog.
  5512 | D:6      | Found a shattered altar of Ashenzari.
  5673 | D:6      | Saw a vision of the Swamp and the Spider Nest.
  5673 | D:6      | Noticed an alligator
  5929 | D:7      | Found a glowing silver altar of Zin.
  6033 | D:7      | Reached skill level 7 in Armour
  6142 | D:7      | Reached XP level 9. HP: 68/71 MP: 2/2
  6280 | D:7      | Reached skill level 1 in Stealth
  6955 | D:7      | Received a gift from Trog
  6995 | D:7      | Slain by an orc warrior

Action                   |  1- 3 |  4- 6 |  7- 9 || total
-------------------------+-------+-------+-------++-------
Melee: Mace              |    31 |       |       ||    31
       Hand axe          |    32 |   107 |   375 ||   514
Invok: Berserk           |     1 |     1 |     3 ||     5
       Burn Spellbooks   |       |       |     2 ||     2
  Use: Scroll            |     8 |    11 |     4 ||    23
       Potion            |       |     7 |     3 ||    10
